 Dungeon Crawl Stone Soup version 0.31-a0-1539-g569d6c7dce (webtiles) character file.

Game seed: 11093201483003027004

646 night the Apothecary (level 7, -4/35 HPs)
             Began as a Vine Stalker Alchemist on Jan 1, 2024.
             Slain by a gnoll sergeant
             ... wielding a +0 spear
              (7 damage)
             ... on level 4 of the Dungeon.
             The game lasted 00:09:37 (3630 turns).

night the Apothecary (Vine Stalker Alchemist)       Turns: 3630, Time: 00:09:38

Health: -4/35      AC:  3    Str: 10    XL:     7   Next: 52%
Magic:  0/14       EV: 12    Int: 17    God:
Gold:   192        SH:  0    Dex: 15    Spells: 5/15 levels left

rFire   + . .        o - +2 dagger (venom)
rCold   . . .        (no shield)
rNeg    . . .        a - +0 robe {rF+}
rPois   .            (no helmet)
rElec   .            (no cloak)
rCorr   .            n - +0 pair of gloves
SInv    .            (no boots)
Will    .....        (no amulet)
Stlth   ++           (no ring)
HPRegen 1.05/turn    (no ring)
MPRegen 0.14/turn

%: guardian spirit
@: very slightly contaminated
A: fangs 2, regeneration 1, magic shield, antimagic bite, no potion heal 2
a: no special abilities


You were on level 4 of the Dungeon.
You visited 1 branch of the dungeon, and saw 5 of its levels.

You collected 212 gold pieces.
You spent 20 gold pieces at shops.

Inventory:

Hand Weapons
 f - a +0 short sword of venom
 o - a +2 dagger of venom (weapon)
Missiles
 l - 21 stones
Armour
 a - a +0 robe of fire resistance (worn)
 n - a +0 pair of gloves (worn)
Scrolls
 d - 2 scrolls of teleportation
 e - a scroll of revelation
 i - a scroll of enchant armour {unknown}
 j - a scroll of brand weapon {unknown}
 k - 5 scrolls of noise
 p - a scroll of poison {unknown}
 q - 2 scrolls of fear {unknown}
 r - a scroll of immolation {unknown}
 s - a scroll of enchant weapon {unknown}
 t - a scroll of amnesia {unknown}
 w - a scroll of vulnerability {unknown}
Potions
 b - a potion of magic
 c - 2 potions of curing {unknown}
 g - a potion of ambrosia {unknown}
 h - a potion of lignification {unknown}
 m - 2 potions of mutation {unknown}
 u - a potion of attraction {unknown}
 v - a potion of haste {unknown}


   Skills:
 + Level 2.5 Fighting
 + Level 2.2 Short Blades
 + Level 2.6 Dodging
 + Level 3.5 Stealth
 * Level 4.6 Spellcasting
 - Level 1.0 Conjurations
 * Level 5.0 Alchemy


You had 5 spell levels left.
You knew the following spells:

 Your Spells              Type           Power      Damage    Failure   Level
a - Sting                 Conj/Alch      56%        1d6       4%          1
b - Mercury Vapours       Alch/Air       24%        N/A       8%          2
c - Mephitic Cloud        Conj/Alch/Air  10%        N/A       19%         3
d - Olgreb's Toxic Radia  Alch           21%        N/A       19%         4

Your spell library contained the following spells:

 Spells                   Type           Power      Damage    Failure   Level
 Momentum Strike          Conj/Tloc      10%        3d8       19%         2
 Blink                    Tloc           6%         N/A       22%         2
 Lesser Beckoning         Tloc           6%         N/A       22%         2
 Frozen Ramparts          Ice            6%         1d1       41%         3
 Inner Flame              Hex/Fire       3%         N/A       41%         3
 Tukima's Dance           Hex            3%         N/A       41%         3
 Leda's Liquefaction      Alch/Erth      6%         N/A       45%         4
 Petrify                  Alch/Erth      12%        N/A       45%         4
 Sticky Flame             Fire/Alch      12%        2d5       45%         4
 Iskenderun's Mystic Bla  Conj/Tloc      5%         2d3       75%         4
 Irradiate                Conj/Alch      7%         3d14      75%         5
 Dimensional Bullseye     Hex/Tloc       1%         N/A       83%         4
 Metabolic Englaciation   Hex/Ice        1%         N/A       99%         5
 Ignition                 Fire           1%         3d3       100%        8


Dungeon Overview and Level Annotations

Branches:
Dungeon (5/15)
 Temple: D:4-7

Altars:
Fedhas
The Shining One

Shops:
D:2 ?


Innate Abilities, Weirdness & Mutations

You have extremely sharp teeth.
Your natural rate of healing is unusually fast.
When hurt, damage is shared between your health and your magic reserves.
Your bite disrupts and absorbs the magic of your enemies.
Potions cannot restore your health.


Message History

The gnoll sergeant barely misses you.
The gnoll sergeant attacks as it pursues you!
The gnoll sergeant barely misses you.
Casting: Mephitic Cloud (quite dangerous; 19% risk of failure)
Confirm with . or Enter, or press ? or * to list all spells.
Aiming: Mephitic Cloud (quite dangerous; 19% risk of failure)
Press: ? - help, Shift-Dir - straight line, f - gnoll sergeant
Aim: a gnoll sergeant, wielding a +0 spear, wearing a +0 scale mail and wearing a +0 buckler (moderately wounded, chance to affect: 81%)
You miscast Mephitic Cloud.
Nothing appears to happen.
The gnoll sergeant hits you from afar with a +0 spear!
Casting: Mephitic Cloud (quite dangerous; 19% risk of failure)
Confirm with . or Enter, or press ? or * to list all spells.
You don't have enough magic to cast this spell.
Unknown command.
Casting: Mephitic Cloud (quite dangerous; 19% risk of failure)
Confirm with . or Enter, or press ? or * to list all spells.
Aiming: Sting (safe; 4% risk of failure)
Press: ? - help, Shift-Dir - straight line, f/p - gnoll sergeant
Aim: a gnoll sergeant, wielding a +0 spear, wearing a +0 scale mail and wearing a +0 buckler (moderately wounded, 79% to hit)
The sting hits the gnoll sergeant but does no damage.
The gnoll sergeant is poisoned.
The gnoll sergeant is moderately wounded.
The gnoll sergeant closely misses you. The gnoll sergeant misses you.
You closely miss the gnoll sergeant.
You bite the gnoll sergeant, but do no damage.
The gnoll sergeant is heavily wounded.
You hit the gnoll sergeant.
The gnoll sergeant looks as sick as possible!
You bite the gnoll sergeant. You drain its power.
You feel invigorated.
The gnoll sergeant is severely wounded.
The gnoll sergeant hits you with a +0 spear!
You hit the gnoll sergeant.
The gnoll sergeant is almost dead.
The gnoll sergeant hits you with a +0 spear!
* * * LOW HITPOINT WARNING * * *
You barely miss the gnoll sergeant. Your bite misses the gnoll sergeant.
The gnoll sergeant is almost dead.
The gnoll sergeant hits you with a +0 spear!
You die...

##.##.# #...# #.#.#..#.##..#
##.##.# #...######.#....#+###'#
......# #..>##........#.#....§##
##.##.####...##.###.#....#.≈≈§§#.
##.##.)........>..#......#...§.#.
##.................##..#.+.._..'.
.####......).............#§§§§.#.
.####.###.....#.##......##§§≈§.#.
......# #.....#.g@......##.....##
.###### #.....#####.#.####+###'#
.# #.....#####.#...#...##.# .#
#........##.###.#.##...#
.##########.####.##.......##.####
..÷....##........#######.##......
.#####.##.#...#..# #.....####
.##.......#.#.#..##### #######
.##....##.#..........#


You could see a gnoll sergeant (extremely poisoned).

Vanquished Creatures
  A water moccasin (D:4)
  3 black bears (D:4)
  An ogre (D:5)
  An iguana (D:4)
  7 gnolls
  2 adders
  4 dart slugs
  A ribbon worm (D:2)
  2 orcs
  8 bats
  3 endoplasms
  2 giant cockroaches (D:2)
  8 goblins
  7 hobgoblins
  6 jackals (D:1)
  6 quokkas
  3 ball pythons
  A frilled lizard (D:3)
  8 kobolds
  4 rats
78 creatures vanquished.

Notes
Turn   | Place    | Note
-------+----------+-------------------------------------------
     0 | D:1      | night the Vine Stalker Alchemist began the quest for the
                  | Orb.
     0 | D:1      | Reached XP level 1. HP: 9/9 MP: 4/4
   154 | D:1      | Reached XP level 2. HP: 14/14 MP: 0/6
   157 | D:1      | Learned a level 2 spell: Mercury Vapours
   462 | D:1      | Reached skill level 1 in Fighting
   541 | D:1      | Reached XP level 3. HP: 18/18 MP: 8/8
  1152 | D:2      | Reached XP level 4. HP: 22/22 MP: 7/9
  1481 | D:2      | Found Xycatsi's Magic Scroll Shoppe.
  1495 | D:2      | Bought a scroll of identify for 20 gold pieces
  1595 | D:3      | Learned a level 3 spell: Mephitic Cloud
  1810 | D:3      | Reached skill level 1 in Short Blades
  2482 | D:4      | Found a glowing golden altar of the Shining One.
  2527 | D:4      | Noticed a black bear
  2542 | D:4      | Killed a black bear
  2543 | D:4      | Reached skill level 2 in Dodging
  2543 | D:4      | Reached skill level 4 in Alchemy
  2543 | D:4      | Reached XP level 5. HP: 17/26 MP: 1/11
  2557 | D:4      | Noticed a black bear
  2593 | D:4      | Killed a black bear
  2594 | D:4      | Reached skill level 2 in Fighting
  2594 | D:4      | Reached XP level 6. HP: 30/30 MP: 1/12
  2705 | D:4      | Learned a level 4 spell: Olgreb's Toxic Radiance
  2889 | D:4      | Noticed a black bear
  2905 | D:4      | Killed a black bear
  3081 | D:4      | Found a blossoming altar of Fedhas.
  3113 | D:4      | Reached XP level 7. HP: 35/35 MP: 12/14
  3144 | D:4      | Reached skill level 2 in Short Blades
  3458 | D:5      | Entered Level 5 of the Dungeon
  3491 | D:5      | Reached skill level 5 in Alchemy
  3576 | D:5      | HP: 5/35 [poisoned by a gnoll]
  3581 | D:4      | HP: 3/35 [poisoned by a gnoll]
  3629 | D:4      | HP: 2/35 [gnoll sergeant/+0 spear (10)]
  3630 | D:4      | Slain by a gnoll sergeant

Illustrated notes

Levels and vault maps discovered:
D:1:      heliophobic_arrival_battle_scene, layout_rooms,
          chequers_serial_rivers_small_3, patterned_corridor
D:2:      layout_basic, serial_shops, shop_fountains
D:3:      layout_basic, serial_bayou, serial_bayou_pond_c, serial_bayou_pond_e,
          serial_bayou_lagoon_b, serial_bayou_crossing, serial_bayou_pond_a,
          serial_bayou_pond_c
D:4:      layout_loops_cross, mainiacjoe_overflow_six_doors_small,
          mainiacjoe_overflow_surrounded_room
D:5:      wad_pebble_path, layout_basic, nicolae_kikubaaqudgha_miasma_corner,
          okawaru_metal_pillars_1_2

Skill      XL: |  1  2  3  4  5  6  7 |
---------------+----------------------+-----
Fighting       | 1 2 |  2.5
Spellcasting   | 3 4 |  4.6
Short Blades   | 1 2 |  2.2
Dodging        | 2 |  2.6
Alchemy        | 4 5 |  5.0
Stealth        | 3 |  3.5
Conjurations   | |  1.0

Action                     |  1- 3 |  4- 6 |  7- 9 || total
---------------------------+-------+-------+-------++-------
  Melee: Short sword       |    32 |     2 |       ||    34
         Unarmed           |    16 |       |       ||    16
         Bite              |    13 |    16 |     5 ||    34
         Punch             |     1 |       |       ||     1
         Dagger            |       |    73 |    11 ||    84
   Cast: Sting             |    31 |    28 |     8 ||    67
         Mercury Vapours   |     9 |    10 |       ||    19
         Mephitic Cloud    |       |     3 |     2 ||     5
         Olgreb's Toxic Ra |       |     1 |     3 ||     4
    Use: Scroll            |       |     3 |       ||     3
   Stab: Sleeping          |     1 |     5 |     1 ||     7
         Confused          |       |     1 |       ||     1
 Armour: Robe              |    34 |    35 |    23 ||    92
  Dodge: Dodged            |    41 |    36 |    10 ||    87

Table legend: (Time is in decaauts)
 A = Elapsed time spent in this place.
 B = Non-inter-level travel time spent in this place.
 C = Inter-level travel time spent in this place.
 D = Time resting spent in this place.
 E = Time spent auto-exploring this place.
 F = Levels seen in this place.
 G = Mean time per level.
                   A        B        C        D        E       F      G
               +--------+--------+--------+--------+--------+-----+--------+
         Total |   3658 |   3586 |     72 |    473 |   2390 |   5 |  731.6 |
       Dungeon |   3658 |   3586 |     72 |    473 |   2390 |   5 |  731.6 |
               +--------+--------+--------+--------+--------+-----+--------+

Top non-repeatable levels by time:
     D:4: 1078 daAuts
     D:1: 933 daAuts
     D:3: 868 daAuts
     D:2: 654 daAuts
     D:5: 123 daAuts
